 Dungeon Crawl Stone Soup version 0.30-a0-476-g330ca2eb8e (webtiles) character file.

Game seed: 8936296367003164416

658 NinjaNoafa the Digger (level 7, -17/36 HPs)
             Began as a Gargoyle Earth Elementalist on Dec 22, 2022.
             Demolished by an ogre
             ... wielding a +0 giant spiked club
              (32 damage)
             ... on level 4 of the Dungeon.
             The game lasted 00:17:35 (3893 turns).

NinjaNoafa the Digger (Gargoyle Earth Elementalist) Turns: 3893, Time: 00:17:36

Health: -17/36     AC:  8    Str: 11    XL:     7   Next: 55%
Magic:  12/12      EV: 11    Int: 18    God:
Gold:   308        SH:  5    Dex: 10    Spells: 10/13 levels left

rFire   . . .      SeeInvis .    r - +1 dagger (venom)
rCold   + . .      Faith    .    (no shield)
rNeg    + . .      Spirit   .    a - +0 robe
rPois   ∞          Reflect  +    (no helmet)
rElec   +          Harm     .    (no cloak)
rCorr   .          Rampage  .    e - +0 pair of gloves
Will    .....                    C - +0 pair of boots
Stlth   ++........               p - amulet of reflection
HPRegen 0.26/turn                y - ring of protection from cold
MPRegen 0.13/turn                (no ring)

@: no status effects
A: sickness immunity, AC +4, negative energy resistance 1, electricity
resistance, torment resistance 1, petrification resistance
a: no special abilities


You were on level 4 of the Dungeon.
You visited 1 branch of the dungeon, and saw 4 of its levels.

You collected 308 gold pieces.

Inventory:

Hand Weapons
 r - a +1 dagger of venom (weapon)
 s - a +1 dagger of flaming
Missiles
 g - 19 poisoned darts
 k - 8 javelins (quivered)
 m - 49 stones
Armour
 a - a +0 robe (worn)
 e - a +0 pair of gloves (worn)
 C - a +0 pair of boots (worn)
Jewellery
 p - an amulet of reflection (around neck)
 y - a ring of protection from cold (left hand)
Wands
 j - a wand of flame (15)
Scrolls
 c - a scroll of fear
 f - a scroll of blinking
 i - a scroll of poison
 l - 4 scrolls of fog
 o - 3 scrolls of teleportation
 u - a scroll of immolation
 B - a scroll of amnesia
Potions
 b - 3 potions of magic
 d - 2 potions of haste
 h - a potion of heal wounds
 n - 5 potions of curing
 q - 4 potions of flight {unknown}
 t - a potion of cancellation {unknown}
 w - a potion of mutation {unknown}
 x - 2 potions of lignification {unknown}
 z - a potion of might
 A - 2 potions of attraction {unknown}


   Skills:
 - Level 1.5 Dodging
 + Level 4.4 Stealth
 - Level 3.6 Spellcasting
 + Level 4.4 Transmutations
 - Level 5.4 Earth Magic


You had 10 spell levels left.
You knew the following spells:

 Your Spells              Type           Power      Damage    Failure   Level
a - Sandblast             Erth           44%        2d11      1%          1
b - Passwall              Tmut/Erth      17%        N/A       3%          2

Your spell library contained the following spells:

 Spells                   Type           Power      Damage    Failure   Level
 Stone Arrow              Conj/Erth      26%        3d8       16%         3
 Petrify                  Tmut/Erth      21%        N/A       21%         4
 Frozen Ramparts          Ice            6%         1d1       43%         3
 Tukima's Dance           Hex            3%         N/A       43%         3
 Ice Form                 Ice/Tmut       11%        N/A       52%         4
 Passage of Golubria      Tloc           3%         N/A       83%         4
 Summon Ice Beast         Ice/Summ       3%         N/A       83%         4
 Yara's Violent Unravell  Hex/Tmut       5%         3d4       86%         5


Dungeon Overview and Level Annotations

Branches:
Dungeon (4/15)
 Temple: D:4-7

Altars:
Ashenzari
Uskayaw


Innate Abilities, Weirdness & Mutations

You are immune to sickness and miasma.
Your stone body is resilient. (AC +4)
You are immune to poison.
You resist negative energy. (rN+)
You are resistant to electric shocks. (rElec)
You are resistant to unholy torment.
You are immune to petrification.


Message History

r - Retreat! s - Stop attacking. g - Guard the area. f - Follow me.
Anything else - Cancel.
You shout for attention!
You hear a shout!
The ogre shouts!
The ogre attacks as you move away! The ogre barely misses you.
The ogre attacks as you move away! The ogre barely misses you.
Casting: Sandblast (safe; 1% risk of failure)
Confirm with . or Enter, or press ? or * to list all spells.
Aiming: Sandblast (safe; 1% risk of failure)
Press: ? - help, Shift-Dir - straight line, f - you That would be overly suicidal.
Okay, then.
Unknown command.
Casting: Sandblast (safe; 1% risk of failure)
Confirm with . or Enter, or press ? or * to list all spells.
Aiming: Sandblast (safe; 1% risk of failure)
Press: ? - help, Shift-Dir - straight line, f - ogre
Aim: an ogre, wielding a +0 giant spiked club (92% to hit)
The blast of sand hits the ogre!
The ogre is heavily wounded.
The ogre closely misses you.
Casting: Sandblast (safe; 1% risk of failure)
Confirm with . or Enter, or press ? or * to list all spells.
Aiming: Sandblast (safe; 1% risk of failure)
Press: ? - help, Shift-Dir - straight line, f/p - ogre
Aim: an ogre, wielding a +0 giant spiked club (heavily wounded, 92% to hit)
The blast of sand hits the ogre.
The ogre is heavily wounded.
The ogre hits you with a +0 giant spiked club!!
Ouch! That really hurt!
Aiming: Throw Flame
Press: ? - help, Shift-Dir - straight line, f/p - ogre
Aim: an ogre, wielding a +0 giant spiked club (heavily wounded, 85% to hit)
The puff of flame hits the ogre.
The ogre is severely wounded.
The ogre attacks as you move away!
The ogre hits you with a +0 giant spiked club!!
Ouch! That really hurt!
You die...

......##..............#
####.##.#.#.#.#.#.#.#.##
#.##.............#..#
#.#.#.#.#.#.#.#.#.#.#
#.##.............#..#
#.##.#.#.#.#.#.#.#.##
#................#.#
####..#.#.#.#.#....#
#.........@O#####
###.#.#.#.#.#
##.......## #########


You could see an ogre.

Vanquished Creatures
  Grinder (D:3)
  Sigmund (D:3)
  A bullfrog (D:4)
  4 hounds
  An iguana (D:4)
  An adder (D:4)
  3 worms
  A dart slug (D:1)
  5 ball pythons
  7 endoplasms
  A giant cockroach (D:3)
  7 goblins
  2 hobgoblins (D:1)
  3 jackals (D:3)
  2 quokkas (D:3)
  7 bats
  2 frilled lizards (D:3)
  6 kobolds
  10 rats
65 creatures vanquished.

Notes
Turn   | Place    | Note
-------+----------+-------------------------------------------
     0 | D:1      | NinjaNoafa the Gargoyle Earth Elementalist began the quest
                  | for the Orb.
     0 | D:1      | Reached XP level 1. HP: 10/10 MP: 3/3
   156 | D:1      | Reached skill level 1 in Transmutations
   250 | D:1      | Reached XP level 2. HP: 14/15 MP: 5/5
   311 | D:1      | Learned a level 2 spell: Passwall
   658 | D:1      | Reached skill level 4 in Earth Magic
  1198 | D:2      | Found a faded altar of an unknown god.
  1220 | D:2      | Reached XP level 3. HP: 17/19 MP: 4/6
  1861 | D:3      | Noticed Sigmund
  1895 | D:3      | Noticed Grinder
  1899 | D:3      | Paralysed by Grinder for 4 turns
  1907 | D:3      | Paralysed by Grinder for 2 turns
  1924 | D:3      | Killed Grinder
  1925 | D:3      | Reached skill level 5 in Earth Magic
  1925 | D:3      | Reached XP level 4. HP: 19/24 MP: 0/9
  1925 | D:3      | Reached XP level 5. HP: 22/28 MP: 0/10
  1925 | D:3      | Reached XP level 6. HP: 25/32 MP: 0/11
  2016 | D:3      | Found a broken altar of Ashenzari.
  2131 | D:3      | Killed Sigmund
  2344 | D:3      | Found a hide-covered altar of Uskayaw.
  2471 | D:3      | Reached XP level 7. HP: 36/36 MP: 12/12
  3893 | D:4      | Demolished by an ogre

Illustrated notes

Levels and vault maps discovered:
D:1:      dpeg_arrival_stonehenge_8_columns, layout_basic, minivault_24
D:2:      layout_basic, hellmonk_ecumenical_altar_crossroads, serial_rivers,
          chequers_serial_rivers_small_a, chequers_serial_rivers_room_a,
          chequers_serial_rivers_micro_d, chequers_serial_rivers_large_a,
          chequers_serial_rivers_small_3, chequers_serial_rivers_micro_e
D:3:      layout_loops_ring, nicolae_ashenzari_skybound,
          eat_drink_and_be_merry_uskayaw, uniq_grinder, uniq_sigmund
D:4:      wander_river, layout_basic, hex_medium

Skill      XL: |  1  2  3  4  5  6  7 |
---------------+----------------------+-----
Transmutations | 1 2 4 |  4.4
Earth Magic    | 4 5 |  5.4
Spellcasting   | 3 |  3.6
Stealth        | 4 |  4.4
Dodging        | |  1.5

Action                   |  1- 3 |  4- 6 |  7- 9 || total
-------------------------+-------+-------+-------++-------
Melee: Club              |     6 |       |       ||     6
       Unarmed           |     3 |       |       ||     3
       Dagger            |    14 |    10 |    25 ||    49
       Punch             |       |     1 |       ||     1
Throw: Javelin           |       |     3 |     6 ||     9
 Cast: Sandblast         |    52 |    16 |    25 ||    93
       Passwall          |     1 |     1 |     1 ||     3
Evoke: Wand              |       |       |     1 ||     1
  Use: Scroll            |     8 |       |     3 ||    11
       Potion            |     2 |       |       ||     2
 Stab: Sleeping          |     1 |       |       ||     1
Armor: Robe              |    11 |     5 |    17 ||    33
Dodge: Dodged            |    20 |     3 |    35 ||    58
Block: Other             |     3 |     2 |    15 ||    20
       Reflection        |     1 |       |       ||     1

Table legend: (Time is in decaauts)
 A = Elapsed time spent in this place.
 B = Non-inter-level travel time spent in this place.
 C = Inter-level travel time spent in this place.
 D = Time resting spent in this place.
 E = Time spent auto-exploring this place.
 F = Levels seen in this place.
 G = Mean time per level.
                   A        B        C        D        E       F      G
               +--------+--------+--------+--------+--------+-----+--------+
         Total |   3977 |   3695 |    282 |      0 |   2819 |   4 |  994.2 |
       Dungeon |   3977 |   3695 |    282 |      0 |   2819 |   4 |  994.2 |
               +--------+--------+--------+--------+--------+-----+--------+

Top non-repeatable levels by time:
     D:3: 1037 daAuts
     D:4: 1008 daAuts
     D:1: 991 daAuts
     D:2: 939 daAuts
